 Dungeon Crawl Stone Soup version 0.30-a0-561-g1b0378597e (webtiles) character file.

Game seed: 16477081381184108969

52 HessuHobo the Digger (level 3, -1/19 HPs)
             Began as a Gargoyle Earth Elementalist on Dec 28, 2022.
             Killed from afar by Robin (10 damage)
             ... with a bolt of dispelling energy
             ... on level 3 of the Dungeon.
             The game lasted 00:02:03 (2484 turns).

HessuHobo the Digger (Gargoyle Earth Elementalist)  Turns: 2484, Time: 00:02:04

Health: -1/19      AC:  6    Str: 11    XL:     3   Next: 85%
Magic:  0/7        EV: 11    Int: 17    God:
Gold:   81         SH:  0    Dex: 10    Spells: 3/7 levels left

rFire   . . .      SeeInvis .    g - +3 whip
rCold   . . .      Faith    .    (no shield)
rNeg    + . .      Spirit   .    a - +0 robe
rPois   ∞          Reflect  .    (no helmet)
rElec   +          Harm     .    (no cloak)
rCorr   .          Rampage  .    (no gloves)
Will    .....                    l - +0 pair of boots
Stlth   ++                       (no amulet)
HPRegen 0.23/turn                (no ring)
MPRegen 0.10/turn                (no ring)

@: no status effects
A: sickness immunity, AC +3, negative energy resistance 1, electricity
resistance, torment resistance 1, petrification resistance
a: no special abilities


You were on level 3 of the Dungeon.
You visited 1 branch of the dungeon, and saw 3 of its levels.

You collected 81 gold pieces.

Inventory:

Hand Weapons
 g - a +3 whip (weapon)
Armour
 a - a +0 robe (worn)
 l - a +0 pair of boots (worn)
Scrolls
 d - 3 scrolls of identify {unknown}
 f - a scroll of fear {unknown}
 h - a scroll of vulnerability {unknown}
 i - a scroll of poison {unknown}
 j - a scroll of teleportation {unknown}
 k - a scroll of enchant weapon {unknown}
Potions
 b - 2 potions of magic
 c - 2 potions of invisibility {unknown}
 e - a potion of lignification {unknown}


   Skills:
 - Level 1.5 Dodging
 + Level 3.2 Stealth
 + Level 2.7 Spellcasting
 - Level 0.7 Transmutations
 + Level 4.4 Earth Magic


You had 3 spell levels left.
You knew the following spells:

 Your Spells              Type           Power      Damage    Failure   Level
a - Sandblast             Erth           34%        2d9       3%          1
b - Stone Arrow           Conj/Erth      18%        3d8       22%         3

Your spell library contained the following spells:

 Spells                   Type           Power      Damage    Failure   Level
 Passwall                 Tmut/Erth      9%         N/A       10%         2
 Summon Small Mammal      Summ           8%         N/A       19%         1
 Call Canine Familiar     Summ           2%         N/A       47%         3
 Summon Guardian Golem    Hex/Summ       2%         N/A       47%         3
 Petrify                  Tmut/Erth      11%        N/A       54%         4


Dungeon Overview and Level Annotations

Branches:
Dungeon (3/15)

Altars:

Annotations:
D:3 Robin


Innate Abilities, Weirdness & Mutations

You are immune to sickness and miasma.
Your stone body is resilient. (AC +3)
You are immune to poison.
You resist negative energy. (rN+)
You are resistant to electric shocks. (rElec)
You are resistant to unholy torment.
You are immune to petrification.


Message History

The hobgoblin no longer looks unusually strong.
Robin roars a battlecry!
The hobgoblin goes into a battle-frenzy!
Casting: Sandblast (safe; 3% risk of failure)
Confirm with . or Enter, or press ? or * to list all spells.
Aiming: Sandblast (safe; 3% risk of failure)
Press: ? - help, Shift-Dir - straight line, f - hobgoblin
Aim: a hobgoblin (strong, 82% to hit)
The blast of sand hits the hobgoblin!
You kill the hobgoblin!
Robin throws the goblin at you! The goblin barely misses you.
The goblin attacks as you move away! The goblin hits you but does no damage.
The goblin no longer looks unusually strong.
You closely miss the goblin. The goblin misses you.
Robin points. "Kill!"
You closely miss the goblin. The goblin closely misses you.
Robin throws the goblin at you! The goblin hits you but does no damage.
You whack the goblin!
You kill the goblin!
Robin zaps a wand.
The bolt of dispelling energy hits you!
Ouch! That really hurt!
You hit Robin.
Robin is lightly wounded.
Robin zaps a wand.
The bolt of dispelling energy misses you.
Casting: Sandblast (safe; 3% risk of failure)
Confirm with . or Enter, or press ? or * to list all spells.
Aiming: Sandblast (safe; 3% risk of failure)
Press: ? - help, Shift-Dir - straight line, f - Robin
Aim: Robin, wielding a +0 club, wearing a +0 animal skin, wearing a +0 helmet and carrying a wand of quicksilver (9) (lightly wounded, 87% to hit)
The blast of sand hits Robin.
Robin is heavily wounded.
Robin roars a battlecry!
The hobgoblin goes into a battle-frenzy!
A hobgoblin comes into view.
You hit Robin.
Robin is heavily wounded.
Robin zaps a wand.
The bolt of dispelling energy hits you!
Ouch! That really hurt!
You die...

###### #g# #.# #.##.#.#......
#.# #.# #.##.#......## #g#
#.###.##.######### #.#
#........# ## #.# ####.....#
##. ####.### #...#.# ##..
#......# #####.## ##...
####....#g########...####....
+.........gg@)..........'....
####...##.########...####....
##......# ##.## ##...
#.......# #.# ##.. #.#.###.#
#.### ##. #.#.###.# #...# ##
#.#...#.# ####.#.# #
#.#.#.#.######)...#.#######
#.#...#.##...#.#..#........


You could see Robin and 2 hobgoblins.

Vanquished Creatures
  2 worms (D:2)
  A dart slug (D:1)
  3 bats (D:1)
  14 goblins
  5 hobgoblins
  3 quokkas
  4 ball pythons
  A frilled lizard (D:3)
  4 kobolds
  4 rats
41 creatures vanquished.

Notes
Turn   | Place    | Note
-------+----------+-------------------------------------------
     0 | D:1      | HessuHobo the Gargoyle Earth Elementalist began the quest
                  | for the Orb.
     0 | D:1      | Reached XP level 1. HP: 10/10 MP: 3/3
   125 | D:1      | Reached XP level 2. HP: 13/15 MP: 0/5
   496 | D:1      | Reached skill level 4 in Earth Magic
  1111 | D:2      | Found a faded altar of an unknown god.
  1125 | D:2      | Reached XP level 3. HP: 6/19 MP: 2/6
  1889 | D:2      | Learned a level 3 spell: Stone Arrow
  2443 | D:3      | Noticed Robin
  2484 | D:3      | Killed from afar by Robin

Illustrated notes

Levels and vault maps discovered:
D:1:      dpeg_arrival_castle, layout_rooms
D:2:      layout_basic, basic_ecumenical_altar, serial_glass, glass_columns_a,
          glass_columns_a, minmay_misc_feat_hallway
D:3:      layout_loops_corners, old_standard_altar, minmay_misc_feat_plants,
          kennysheep_path_1, minmay_misc_feat_columns, uniq_robin, uniq_natasha

Skill      XL: |  1  2  3 |
---------------+----------+-----
Earth Magic    | 4 |  4.4
Stealth        | 3 |  3.2
Dodging        | |  1.5
Spellcasting   | |  2.7
Transmutations | |  0.7

Action                   || total
-------------------------++-------
Melee: Whip              ||     9
 Cast: Sandblast         ||    53
Armor: Robe              ||    22
Dodge: Dodged            ||    28

Table legend: (Time is in decaauts)
 A = Elapsed time spent in this place.
 B = Non-inter-level travel time spent in this place.
 C = Inter-level travel time spent in this place.
 D = Time resting spent in this place.
 E = Time spent auto-exploring this place.
 F = Levels seen in this place.
 G = Mean time per level.
                   A        B        C        D        E       F      G
               +--------+--------+--------+--------+--------+-----+--------+
         Total |   2515 |   2434 |     81 |    858 |   1316 |   3 |  838.3 |
       Dungeon |   2515 |   2434 |     81 |    858 |   1316 |   3 |  838.3 |
               +--------+--------+--------+--------+--------+-----+--------+

Top non-repeatable levels by time:
     D:1: 1122 daAuts
     D:2: 1060 daAuts
     D:3: 331 daAuts
